[Event "2nd Bieszczady Chess-ch B 2022"]
[Site "Bystre"]
[Date "2022.07.21"]
[Round "6.2"]
[White "Tokarz, Izabela"]
[Black "Labedz, Dawid"]
[Result "1-0"]
[ECO "D47"]
[WhiteElo "1694"]
[BlackElo "1562"]
[Annotator "NA COMBH"]
[PlyCount "63"]
[EventDate "2022.07.17"]
[EventCountry "POL"]
[SourceTitle "playchess.com"]
[Source "ChessBase"]
[SourceQuality "1"]
[TimeControl "5400+30"]

1. d4 d5 2. c4 c6 3. Nf3 Nf6 4. Nc3 e6 5. e3 Nbd7 6. Bd3 dxc4 7. Bxc4 b5 8. Bd3 Bb7 9. O-O Bd6 10. Qe2 O-O 11. Rd1 Qc7 12. e4 e5 13. d5 a6 14. dxc6 Bxc6 15. a3 Nc5 16. Bc2 Rfd8 17. Bg5 Be7 18. Bh4 Rd7 19. Bg3 Bd6 20. Rac1 Nh5 21. b4 Nxg3 22. hxg3 Ne6 23. Bb3 Qd8 24. Qa2 Qf6 25. Nd5 Bxd5 26. Bxd5 Raa7 27. Bxe6 fxe6 28. Rc6 Qe7 29. Ng5 Qxg5 30. Qxe6+ Kf8 31. Rc8+ Rd8 32. Qxd6+ 1-0

[Event "2nd Bieszczady Chess-ch B 2022"]
[Site "Bystre"]
[Date "2022.07.21"]
[Round "6.3"]
[White "Kucza, Arkadiusz"]
[Black "Kulig, Pawel"]
[Result "0-1"]
[ECO "A06"]
[WhiteElo "1500"]
[BlackElo "1720"]
[Annotator "NA RC COMBH"]
[PlyCount "116"]
[EventDate "2022.07.17"]
[EventCountry "POL"]
[SourceTitle "playchess.com"]
[Source "ChessBase"]
[SourceQuality "1"]
[TimeControl "5400+30"]

1. Nf3 d5 2. g3 Nc6 3. Bg2 e5 4. d3 Nf6 5. Nbd2 Be7 6. O-O O-O 7. e4 Re8 8. Qe2 Bf8 9. c3 dxe4 10. dxe4 a5 11. Rd1 Qe7 12. a4 h6 13. Nf1 Be6 14. Nh4 Rad8 15. Ne3 Rxd1+ 16. Qxd1 Rd8 17. Nd5 Bxd5 18. exd5 e4 19. c4 Nb4 20. Qe2 g5 21. Nf5 Qe5 22. Ne3 Nd3 23. Ng4 Nxg4 24. Qxg4 Nxc1 25. Rxc1 f5 26. Qe2 Bc5 27. Rc2 Re8 28. Qh5 Kg7 29. Qe2 Re7 30. Bh3 g4 31. Bg2 h5 32. Rc3 Bd4 33. Rb3 b6 34. h3 Kg8 35. Kf1 f4 36. hxg4 f3 37. Bxf3 exf3 38. Qxe5 Rxe5 39. Rxf3 hxg4 40. Rf4 Bxb2 41. Rxg4+ Kf7 42. Rh4 Rg5 43. Re4 Re5 44. Rh4 Re7 45. Rh6 Bg7 46. Rc6 Bd4 47. d6 cxd6 48. Rxd6 Bc5 49. Rd1 Re4 50. Rc1 Kf6 51. Rc3 Ke5 52. f3 Rd4 53. Ke2 Rd7 54. Rc1 Rg7 55. g4 Kf4 56. Rd1 Re7+ 57. Kf1 Kxf3 58. g5 Rg7 0-1

[Event "2nd Bieszczady Chess-ch B 2022"]
[Site "Bystre"]
[Date "2022.07.21"]
[Round "6.4"]
[White "Gluch, Pawel"]
[Black "Tokarz, Gabriela"]
[Result "1-0"]
[ECO "B20"]
[WhiteElo "1663"]
[BlackElo "1412"]
[Annotator "NA COMBH"]
[PlyCount "63"]
[EventDate "2022.07.17"]
[EventCountry "POL"]
[SourceTitle "playchess.com"]
[Source "ChessBase"]
[SourceQuality "1"]
[TimeControl "5400+30"]

1. e4 c5 2. Be2 Nc6 3. f4 e6 4. Nf3 Nf6 5. d3 d5 6. e5 Nd7 7. c4 d4 8. O-O Be7 9. Nbd2 O-O 10. Ne4 b6 11. Qe1 Bb7 12. Qg3 Qc7 13. Qh3 Nd8 14. Qh5 Bxe4 15. dxe4 f6 16. Qh4 Rf7 17. exf6 Bxf6 18. Qh3 e5 19. f5 Nc6 20. g4 Rff8 21. g5 Bd8 22. Bd2 Qd6 23. Ne1 a5 24. Bg4 Ra7 25. a4 Nb4 26. Ra3 Qc6 27. Rg3 Nb8 28. b3 Qxe4 29. Bf3 Qb1 30. Bxb4 axb4 31. Bd5+ Kh8 32. Qxh7+ 1-0

[Event "2nd Bieszczady Chess-ch B 2022"]
[Site "Bystre"]
[Date "2022.07.21"]
[Round "6.5"]
[White "Kotyla, Jan"]
[Black "Kusiak, Mateusz"]
[Result "0-1"]
[ECO "B35"]
[WhiteElo "1398"]
[BlackElo "1693"]
[Annotator "NA COMBH"]
[PlyCount "70"]
[EventDate "2022.07.17"]
[EventCountry "POL"]
[SourceTitle "playchess.com"]
[Source "ChessBase"]
[SourceQuality "1"]
[TimeControl "5400+30"]

1. e4 c5 2. Nf3 Nc6 3. d4 cxd4 4. Nxd4 g6 5. Nc3 Bg7 6. Be3 Nf6 7. Bc4 O-O 8. Bb3 d6 9. f3 Bd7 10. Qd2 Re8 11. O-O-O a5 12. a4 Ne5 13. Kb1 Qc7 14. Qe2 Rec8 15. Ndb5 Bxb5 16. Nxb5 Qd8 17. Bd4 Nfd7 18. f4 Nc6 19. Bxg7 Kxg7 20. Bc4 Nb6 21. Bb3 Nd7 22. g4 Nc5 23. h4 Nxb3 24. cxb3 Qb6 25. Qf3 Na7 26. Qh3 Nxb5 27. axb5 Qxb5 28. h5 g5 29. Rd5 Qe2 30. Rxg5+ Kf8 31. Qh2 Qxe4+ 32. Ka1 Rc2 33. Qg1 a4 34. b4 Qxb4 35. Qb1 a3 0-1

[Event "2nd Bieszczady Chess-ch B 2022"]
[Site "Bystre"]
[Date "2022.07.21"]
[Round "6.6"]
[White "Giefert, Sara"]
[Black "Zajac, Karol"]
[Result "0-1"]
[ECO "A40"]
[WhiteElo "1692"]
[BlackElo "1579"]
[Annotator "NA COMBH"]
[PlyCount "118"]
[EventDate "2022.07.17"]
[EventCountry "POL"]
[SourceTitle "playchess.com"]
[Source "ChessBase"]
[SourceQuality "1"]
[TimeControl "5400+30"]

1. d4 e6 2. e3 Nf6 3. Bd3 c5 4. c3 d5 5. f4 Bd6 6. Nf3 b6 7. O-O Bb7 8. Ne5 Nbd7 9. Bd2 c4 10. Bc2 b5 11. Be1 Be7 12. Nd2 Ne4 13. a4 a6 14. axb5 axb5 15. Rxa8 Bxa8 16. Kh1 Nd6 17. g4 Nf6 18. g5 Nfe4 19. Nxe4 dxe4 20. Qh5 g6 21. Qe2 Bd5 22. h4 h6 23. Kg2 hxg5 24. hxg5 Bxg5 25. fxg5 Qxg5+ 26. Bg3 Nf5 27. Rxf5 gxf5 28. Qf2 f6 29. Qf4 Qxf4 30. Bxf4 Rg8+ 31. Kf2 fxe5 32. Bxe5 Ke7 33. Ke2 Rg2+ 34. Kd1 Bc6 35. Kc1 Be8 36. b3 Bh5 37. b4 Be2 38. Bf4 Bd3 39. Bd1 Kf6 40. Bd6 Ra2 41. Bf4 Rg2 42. Bc7 Be2 43. Bc2 Kg5 44. Bd6 Kg4 45. Be5 Kf3 46. Bf4 Rg4 47. Bh6 Rh4 48. Bg5 Rh3 49. Bf4 Rh1+ 50. Kd2 Rg1 51. Bh6 Kf2 52. Bf4 Ra1 53. Bg5 Ra2 54. Kc1 Bd3 55. Bd1 Kf1 56. Bf4 Rf2 57. Bg3 f4 58. Bxf4 Rxf4 59. exf4 e3 0-1

[Event "2nd Bieszczady Chess-ch B 2022"]
[Site "Bystre"]
[Date "2022.07.21"]
[Round "6.7"]
[White "Sternik, Piotr"]
[Black "Panczuk, Grzegorz"]
[Result "0-1"]
[ECO "C02"]
[WhiteElo "1434"]
[BlackElo "1684"]
[Annotator "NA COMBH"]
[PlyCount "80"]
[EventDate "2022.07.17"]
[EventCountry "POL"]
[SourceTitle "playchess.com"]
[Source "ChessBase"]
[SourceQuality "1"]
[TimeControl "5400+30"]

1. e4 e6 2. d4 d5 3. e5 c5 4. c3 Nc6 5. Bb5 Bd7 6. Ne2 Nxe5 7. dxe5 Bxb5 8. O-O Qc7 9. Bf4 g6 10. Bg3 Bg7 11. f4 Ne7 12. a4 Bd7 13. Bf2 O-O 14. Nd2 b6 15. b4 cxb4 16. cxb4 f6 17. Rc1 Qb8 18. Bh4 Nf5 19. Bxf6 Bxf6 20. exf6 Ne3 21. Qb3 Nxf1 22. Rxf1 Rxf6 23. Nf3 Qe8 24. b5 a6 25. Ne5 axb5 26. Nxd7 Qxd7 27. axb5 Ra5 28. Nd4 Qd6 29. Qe3 Ra3 30. Qd2 e5 31. fxe5 Rxf1+ 32. Kxf1 Qxe5 33. Nf3 Qe4 34. Kf2 d4 35. Qb2 Qe3+ 36. Kg3 h5 37. h4 Qe5+ 38. Kf2 Qc5 39. Kf1 Qc4+ 40. Kg1 Qc3 0-1

[Event "2nd Bieszczady Chess-ch B 2022"]
[Site "Bystre"]
[Date "2022.07.21"]
[Round "6.8"]
[White "Trela, Konrad"]
[Black "Strojek, Kazimierz"]
[Result "0-1"]
[ECO "C11"]
[WhiteElo "1523"]
[BlackElo "1668"]
[Annotator "NA COMBH"]
[PlyCount "160"]
[EventDate "2022.07.17"]
[EventCountry "POL"]
[SourceTitle "playchess.com"]
[Source "ChessBase"]
[SourceQuality "1"]
[TimeControl "5400+30"]

1. e4 e6 2. Nf3 d5 3. Nc3 Nf6 4. e5 Nfd7 5. d4 Be7 6. Bf4 a6 7. Be2 c5 8. dxc5 Nxc5 9. O-O Nc6 10. Nd4 Qb6 11. Nxc6 bxc6 12. Rb1 a5 13. Be3 Qc7 14. f4 O-O 15. Kh1 Rb8 16. Rf3 Rd8 17. Bxc5 Bxc5 18. Rh3 Rb4 19. Bd3 g6 20. Qg4 f5 21. Qh4 Qe7 22. Qg3 Bd7 23. Ne2 Rdb8 24. b3 a4 25. Ng1 Bxg1 26. Kxg1 axb3 27. axb3 c5 28. Be2 c4 29. Ra1 cxb3 30. cxb3 Qc5+ 31. Kf1 Qd4 32. Rc1 Qxf4+ 33. Qxf4 Rxf4+ 34. Kg1 Rfb4 35. Rc7 R4b7 36. Rhc3 Kf8 37. Ba6 Rxc7 38. Rc4 Rc6 39. Rxc6 Ke8 40. Rc3 Rb6 41. Be2 h5 42. Kf2 Kd8 43. Ke3 Rb4 44. Kd2 h4 45. g3 g5 46. Kc2 hxg3 47. hxg3 Bb5 48. Bxb5 Rxb5 49. Rc6 Kd7 50. Rd6+ Ke7 51. Kc3 f4 52. gxf4 gxf4 53. Ra6 Kf7 54. b4 Rb8 55. Kb3 f3 56. Ra2 Ke7 57. Ra7+ Ke8 58. Ra2 Ke7 59. Ra7+ Kf8 60. Ra1 Rb7 61. Rf1 Rf7 62. b5 Ke8 63. Kb4 Kd8 64. Ka5 f2 65. Ka6 Kc8 66. b6 Kb8 67. b7 d4 68. Kb5 d3 69. Kc6 d2 70. Rh1 Rc7+ 71. Kd6 Rxb7 72. Kxe6 Rc7 73. Kd6 Rc1 74. Rd1 Rxd1 75. e6 Re1 76. e7 d1=Q+ 77. Kc5 Re5+ 78. Kc4 Qd5+ 79. Kc3 Re3+ 80. Kb2 Qb3+ 0-1

[Event "2nd Bieszczady Chess-ch B 2022"]
[Site "Bystre"]
[Date "2022.07.21"]
[Round "6.9"]
[White "Mikula, Maciej"]
[Black "Stefanski, Adam"]
[Result "1-0"]
[ECO "C00"]
[WhiteElo "1620"]
[BlackElo "1404"]
[Annotator "NA RC COMBH"]
[PlyCount "37"]
[EventDate "2022.07.17"]
[EventCountry "POL"]
[SourceTitle "playchess.com"]
[Source "ChessBase"]
[SourceQuality "1"]
[TimeControl "5400+30"]

1. e4 e6 2. Nf3 d5 3. e5 c5 4. b4 cxb4 5. a3 bxa3 6. d4 Nc6 7. c3 Bd7 8. Bd3 Rc8 9. Nxa3 a6 10. Ng5 Qa5 11. Bb2 f5 12. Bxf5 exf5 13. e6 Bxe6 14. Nxe6 Nd8 15. Qe2 Nxe6 16. Qxe6+ Ne7 17. Nc4 Rc6 18. Qxc6+ Nxc6 19. Nxa5 1-0

[Event "2nd Bieszczady Chess-ch B 2022"]
[Site "Bystre"]
[Date "2022.07.21"]
[Round "6.10"]
[White "Miga, Kamil"]
[Black "Warchol, Jacek"]
[Result "0-1"]
[ECO "C02"]
[WhiteElo "1072"]
[BlackElo "1785"]
[Annotator "NA COMBH"]
[PlyCount "42"]
[EventDate "2022.07.17"]
[EventCountry "POL"]
[SourceTitle "playchess.com"]
[Source "ChessBase"]
[SourceQuality "1"]
[TimeControl "5400+30"]

1. e4 e6 2. d4 d5 3. e5 c5 4. c3 Nc6 5. Nf3 Bd7 6. Be2 Nge7 7. Na3 cxd4 8. cxd4 Nf5 9. Nc2 h5 10. Bd3 Be7 11. Bxf5 exf5 12. h4 Qb6 13. O-O Nb4 14. Ne3 f4 15. Nc2 Bb5 16. Nxb4 Bxb4 17. Bxf4 Bxf1 18. Kxf1 O-O 19. Ng5 Be7 20. Nh7 Kxh7 21. Bc1 Rh8 0-1

[Event "2nd Bieszczady Chess-ch B 2022"]
[Site "Bystre"]
[Date "2022.07.21"]
[Round "6.11"]
[White "Polak, Sylwia"]
[Black "Baranowski, Jan"]
[Result "1-0"]
[ECO "D45"]
[WhiteElo "1574"]
[BlackElo "1249"]
[Annotator "NA COMBH"]
[PlyCount "81"]
[EventDate "2022.07.17"]
[EventCountry "POL"]
[SourceTitle "playchess.com"]
[Source "ChessBase"]
[SourceQuality "1"]
[TimeControl "5400+30"]

1. d4 d5 2. c4 c6 3. Nc3 Nf6 4. Nf3 e6 5. e3 Bd6 6. Bd3 O-O 7. O-O Nbd7 8. e4 dxe4 9. Nxe4 Nxe4 10. Bxe4 h6 11. Re1 Nf6 12. Bc2 b6 13. b3 Bb7 14. Bb2 c5 15. Qd3 cxd4 16. Bxd4 Bc5 17. Bxc5 Qxd3 18. Bxd3 bxc5 19. Ne5 Rfd8 20. Rad1 Rd4 21. b4 Rad8 22. bxc5 Be4 23. Be2 Rxd1 24. Rxd1 Rxd1+ 25. Bxd1 Ne8 26. f3 Bb7 27. Kf2 f6 28. Nd3 Kf7 29. Ke3 Ke7 30. Ba4 Nc7 31. Nb4 f5 32. Kd4 Kf6 33. c6 e5+ 34. Kc5 Bc8 35. Nd5+ Nxd5 36. cxd5 e4 37. fxe4 fxe4 38. d6 e3 39. Bd1 Ba6 40. c7 Ke6 41. Bg4+ 1-0

[Event "2nd Bieszczady Chess-ch B 2022"]
[Site "Bystre"]
[Date "2022.07.22"]
[Round "7.1"]
[White "Biesiadecki, Adam"]
[Black "Gluch, Pawel"]
[Result "1/2-1/2"]
[ECO "B50"]
[WhiteElo "1776"]
[BlackElo "1663"]
[Annotator "NA RC COMBH"]
[PlyCount "80"]
[EventDate "2022.07.17"]
[EventCountry "POL"]
[SourceTitle "playchess.com"]
[Source "ChessBase"]
[SourceQuality "1"]
[TimeControl "5400+30"]

1. e4 c5 2. Nf3 d6 3. c3 Nf6 4. Bd3 Nc6 5. Bc2 e5 6. O-O Be7 7. h3 O-O 8. Re1 d5 9. exd5 Qxd5 10. Qe2 Re8 11. Na3 Bf8 12. Bb3 Qd8 13. Ng5 Re7 14. Qc4 Qb6 15. Qh4 Bf5 16. Nc4 Qc7 17. Ne3 Bg6 18. Nd5 Nxd5 19. Bxd5 Rd8 20. Be4 Bxe4 21. Qxe4 g6 22. Qh4 f5 23. Qc4+ Kh8 24. Qxc5 h6 25. Nf3 Red7 26. Qc4 e4 27. Nh4 Qd6 28. g3 Be7 29. d4 Bxh4 30. gxh4 Kh7 31. Re3 Qf6 32. Rg3 Qxh4 33. Qe6 Qh5 34. Bf4 Re7 35. Qf6 Rdd7 36. Kh2 Rf7 37. Qe6 Nd8 38. Qe8 Rfe7 39. Qf8 Rf7 40. Qe8 Rfe7 1/2-1/2

[Event "2nd Bieszczady Chess-ch B 2022"]
[Site "Bystre"]
[Date "2022.07.22"]
[Round "7.2"]
[White "Kulig, Pawel"]
[Black "Tokarz, Izabela"]
[Result "1-0"]
[ECO "D30"]
[WhiteElo "1720"]
[BlackElo "1694"]
[Annotator "NA RC COMBH"]
[PlyCount "99"]
[EventDate "2022.07.17"]
[EventCountry "POL"]
[SourceTitle "playchess.com"]
[Source "ChessBase"]
[SourceQuality "1"]
[TimeControl "5400+30"]

1. d4 d5 2. c4 e6 3. Nf3 Nf6 4. Bg5 Be7 5. Nc3 O-O 6. cxd5 exd5 7. e3 c6 8. Bd3 Re8 9. O-O Bg4 10. Qc2 Nbd7 11. Bf4 Bxf3 12. gxf3 Nf8 13. Kh1 Ng6 14. Be5 Nh4 15. Qe2 Qd7 16. Rg1 Ng6 17. Rg5 Nxe5 18. dxe5 Ne4 19. Rg2 Nc5 20. Rag1 Bf8 21. f4 Nxd3 22. Qxd3 Rad8 23. b4 Qe6 24. Ne2 f6 25. Nd4 Qf7 26. e6 Qh5 27. Rg3 Kh8 28. Qf1 Re7 29. Rh3 Qe8 30. Qd3 h6 31. Qe2 Rxe6 32. Qg4 Re4 33. Nf5 Qe6 34. Qg6 Rxb4 35. Rhg3 Rd7 36. f3 Qf7 37. Qg4 Rb2 38. Nh4 Re2 39. Qf5 g5 40. Ng6+ Kg7 41. h4 Rd8 42. Qd3 Rxa2 43. fxg5 hxg5 44. hxg5 f5 45. Nf4 Bd6 46. Qd4+ Kf8 47. g6 Qg8 48. Rh3 Bxf4 49. exf4 Ke7 50. Qe5+ 1-0

[Event "2nd Bieszczady Chess-ch B 2022"]
[Site "Bystre"]
[Date "2022.07.22"]
[Round "7.3"]
[White "Strojek, Kazimierz"]
[Black "Sola, Wojciech"]
[Result "0-1"]
[ECO "B23"]
[WhiteElo "1668"]
[BlackElo "1780"]
[Annotator "NA RC COMBH"]
[PlyCount "62"]
[EventDate "2022.07.17"]
[EventCountry "POL"]
[SourceTitle "playchess.com"]
[Source "ChessBase"]
[SourceQuality "1"]
[TimeControl "5400+30"]

1. e4 c5 2. Nc3 g6 3. g3 Bg7 4. Bg2 e5 5. d3 Nc6 6. Be3 d6 7. Qd2 Be6 8. Nge2 Nge7 9. O-O O-O 10. f4 f5 11. Bh3 Qd7 12. Bg2 Rad8 13. a3 b6 14. Nd5 exf4 15. Nexf4 Bxb2 16. c3 Bxa1 17. Rxa1 fxe4 18. dxe4 Ne5 19. Qa2 Nxd5 20. Nxd5 Qf7 21. Rf1 Bxd5 22. exd5 Qe7 23. Qe2 Rxf1+ 24. Qxf1 Rf8 25. Qc1 Re8 26. Bf2 Nd3 27. Qd2 Qe2 28. Qxe2 Rxe2 29. Bf1 Rxf2 30. Bxd3 Rf3 31. Bb5 Rxc3 0-1

[Event "2nd Bieszczady Chess-ch B 2022"]
[Site "Bystre"]
[Date "2022.07.22"]
[Round "7.4"]
[White "Kusiak, Mateusz"]
[Black "Mikula, Maciej"]
[Result "1-0"]
[ECO "B27"]
[WhiteElo "1693"]
[BlackElo "1620"]
[Annotator "NA RC COMBH"]
[PlyCount "107"]
[EventDate "2022.07.17"]
[EventCountry "POL"]
[SourceTitle "playchess.com"]
[Source "ChessBase"]
[SourceQuality "1"]
[TimeControl "5400+30"]

1. e4 c5 2. Nf3 g6 3. d4 cxd4 4. Qxd4 Nf6 5. Nc3 Nc6 6. Qa4 d6 7. e5 dxe5 8. Nxe5 Qd4 9. Qxd4 Nxd4 10. Nb5 Nxc2+ 11. Kd1 Nxa1 12. Nc7+ Kd8 13. Nxa8 Be6 14. Bc4 Bxc4 15. Nxc4 Nd5 16. Ne5 Kc8 17. Nxf7 Rg8 18. Nh6 Bxh6 19. Bxh6 Kb8 20. Kd2 g5 21. Re1 Kxa8 22. f3 Nf4 23. Rxa1 Rg6 24. Bf8 Rd6+ 25. Kc2 Re6 26. Rd1 Kb8 27. g3 Ng6 28. Bh6 Re2+ 29. Rd2 Re5 30. Bg7 Rf5 31. Rd3 h5 32. Bd4 g4 33. fxg4 hxg4 34. Be3 Rf3 35. Kd2 e5 36. Rd6 Nf8 37. Ke2 Rf5 38. Bc5 Nh7 39. Rh6 Ng5 40. Rh5 e4 41. Be3 Rb5 42. Rxg5 Rxb2+ 43. Bd2 Rxa2 44. Rxg4 Ra4 45. Ke3 b5 46. Rxe4 Ra3+ 47. Ke2 a5 48. Re5 b4 49. Re3 b3 50. Bc1 Ra2+ 51. Kd1 a4 52. Re2 a3 53. Rxa2 bxa2 54. Bf4+ 1-0

[Event "2nd Bieszczady Chess-ch B 2022"]
[Site "Bystre"]
[Date "2022.07.22"]
[Round "7.5"]
[White "Panczuk, Grzegorz"]
[Black "Labedz, Dawid"]
[Result "1-0"]
[ECO "A45"]
[WhiteElo "1684"]
[BlackElo "1562"]
[Annotator "NA RC COMBH"]
[PlyCount "119"]
[EventDate "2022.07.17"]
[EventCountry "POL"]
[SourceTitle "playchess.com"]
[Source "ChessBase"]
[SourceQuality "1"]
[TimeControl "5400+30"]

1. d4 Nf6 2. Bg5 d5 3. Bxf6 exf6 4. e3 Bd6 5. g3 c6 6. Bg2 O-O 7. Ne2 Re8 8. O-O f5 9. b3 Qc7 10. c4 dxc4 11. bxc4 Nd7 12. Nbc3 a6 13. Qc2 Nf6 14. c5 Bf8 15. Na4 Be6 16. Nb6 Rad8 17. Nf4 g6 18. Rab1 Bh6 19. Nxe6 fxe6 20. Nc4 Re7 21. Rb6 Nd5 22. Bxd5 cxd5 23. Nd6 Qxb6 24. cxb6 Rxd6 25. Qc5 Rdd7 26. Rc1 Re8 27. Qa5 Kf7 28. Rc7 Red8 29. Qa4 Ke7 30. Qb4+ Ke8 31. Qc3 Bf8 32. h3 Bd6 33. Rc8 Bb8 34. g4 Rd6 35. Qc5 R6d7 36. a4 f4 37. exf4 Bxf4 38. Qc2 Kf7 39. Kg2 Bb8 40. Rc3 e5 41. dxe5 Bxe5 42. Rf3+ Kg8 43. Qe2 Re7 44. Re3 Rde8 45. f4 Bf6 46. Rxe7 Rxe7 47. Qd3 d4 48. g5 Bg7 49. f5 gxf5 50. Qxf5 Be5 51. h4 Bg7 52. h5 h6 53. gxh6 Bxh6 54. Qd5+ Rf7 55. Qxd4 Bg5 56. Qd5 Bf6 57. Kh3 Kf8 58. h6 Kg8 59. Kg4 Kf8 60. Kh5 1-0

[Event "2nd Bieszczady Chess-ch B 2022"]
[Site "Bystre"]
[Date "2022.07.22"]
[Round "7.6"]
[White "Zajac, Karol"]
[Black "Kucza, Arkadiusz"]
[Result "1/2-1/2"]
[ECO "C64"]
[WhiteElo "1579"]
[BlackElo "1500"]
[Annotator "NA RC COMBH"]
[PlyCount "161"]
[EventDate "2022.07.17"]
[EventCountry "POL"]
[SourceTitle "playchess.com"]
[Source "ChessBase"]
[SourceQuality "1"]
[TimeControl "5400+30"]

1. e4 e5 2. Nf3 Nc6 3. Bb5 Bc5 4. c3 d6 5. O-O Bd7 6. d4 exd4 7. cxd4 Bb6 8. Nc3 Nf6 9. Re1 O-O 10. h3 h6 11. Ba4 Re8 12. Bc2 Ne7 13. Be3 Ng6 14. e5 Nh5 15. Bxg6 fxg6 16. g4 Rf8 17. gxh5 Bxh3 18. Nh2 dxe5 19. dxe5 Qh4 20. Qd5+ Kh8 21. Qe4 Qxh5 22. Nd5 Bf5 23. Qg2 Be6 24. Nf4 Rxf4 25. Bxf4 Rf8 26. Qg3 Bxf2+ 27. Qxf2 g5 28. Qe2 Qxe2 29. Rxe2 gxf4 30. b3 g5 31. Rd1 f3 32. Red2 Kg7 33. Rd8 Rf7 34. Kf2 g4 35. Rb8 h5 36. Kg3 Kg6 37. Rh8 Rf5 38. Re1 Kg5 39. Re4 f2 40. Re2 f1=Q 41. Nxf1 Rxf1 42. Rh2 Rf3+ 43. Kg2 Bf7 44. e6 Bxe6 45. R2xh5+ Kf4 46. Rf8+ Ke4 47. Re8 Rf6 48. Rh7 Kd4 49. Rxc7 Bd5+ 50. Kg3 Rf3+ 51. Kxg4 Rf2 52. a4 Rg2+ 53. Kf5 Rf2+ 54. Kg5 Rg2+ 55. Kf6 Rf2+ 56. Kg5 Rg2+ 57. Kh4 Rh2+ 58. Kg4 Rg2+ 59. Kh3 Rb2 60. Rd8 Rxb3+ 61. Kg4 Ke5 62. Rc5 Rd3 63. Rb5 Ke6 64. Re8+ Kd7 65. Re5 Rd4+ 66. Kf5 Bc6 67. Ra5 a6 68. Kf6 Kc7 69. Rh5 Kb6 70. Ke5 Re4+ 71. Kd6 Bb5 72. axb5 Kxa5 73. bxa6+ Kxa6 74. Kd5 Ra4 75. Rh8 b5 76. Ra8+ Kb6 77. Rxa4 bxa4 78. Kc4 Ka5 79. Kc3 a3 80. Kb3 Kb5 81. Kxa3 1/2-1/2

[Event "2nd Bieszczady Chess-ch B 2022"]
[Site "Bystre"]
[Date "2022.07.22"]
[Round "7.7"]
[White "Warchol, Jacek"]
[Black "Labedz, Gabriela"]
[Result "1-0"]
[ECO "B28"]
[WhiteElo "1785"]
[BlackElo "1346"]
[Annotator "NA RC COMBH"]
[PlyCount "67"]
[EventDate "2022.07.17"]
[EventCountry "POL"]
[SourceTitle "playchess.com"]
[Source "ChessBase"]
[SourceQuality "1"]
[TimeControl "5400+30"]

1. e4 c5 2. Nf3 a6 3. d4 cxd4 4. Nxd4 Nf6 5. Nc3 e5 6. Nb3 Bb4 7. Qd3 Qc7 8. Bd2 O-O 9. Be2 Nc6 10. O-O Ne7 11. Bg5 Qc6 12. Qc4 Bxc3 13. bxc3 Re8 14. Qxc6 bxc6 15. Bxf6 gxf6 16. Rad1 f5 17. Nc5 d5 18. f3 f6 19. Rb1 Kf7 20. Rb6 a5 21. a4 Rg8 22. Rfb1 fxe4 23. fxe4 Bg4 24. Bf1 Bf3 25. Kf2 Bh5 26. h3 Rgd8 27. Rb7 dxe4 28. Bc4+ Ke8 29. Nxe4 Bg6 30. Nxf6+ Kf8 31. Nd7+ Ke8 32. Nxe5 Bxc2 33. Re1 Kf8 34. Nd7+ 1-0

[Event "2nd Bieszczady Chess-ch B 2022"]
[Site "Bystre"]
[Date "2022.07.22"]
[Round "7.9"]
[White "Tokarz, Gabriela"]
[Black "Kotyla, Jan"]
[Result "1-0"]
[ECO "E12"]
[WhiteElo "1412"]
[BlackElo "1398"]
[Annotator "NA RC COMBH"]
[PlyCount "55"]
[EventDate "2022.07.17"]
[EventCountry "POL"]
[SourceTitle "playchess.com"]
[Source "ChessBase"]
[SourceQuality "1"]
[TimeControl "5400+30"]

1. d4 Nf6 2. c4 e6 3. Nf3 b6 4. a3 Bb7 5. Nc3 d5 6. Bg5 Be7 7. cxd5 Nxd5 8. Bxe7 Qxe7 9. Nxd5 Bxd5 10. e3 c5 11. Bb5+ Kf8 12. Rc1 a6 13. Be2 Nd7 14. O-O g6 15. dxc5 bxc5 16. Qd2 f6 17. Rfd1 f5 18. Qc3 Kf7 19. Bxa6 Nf6 20. Ne5+ Kg8 21. Bc4 Rc8 22. Bxd5 exd5 23. Nf3 h6 24. Qe5 Qxe5 25. Nxe5 Kg7 26. Nd3 c4 27. Nf4 Rhd8 28. Ne6+ 1-0

[Event "2nd Bieszczady Chess-ch B 2022"]
[Site "Bystre"]
[Date "2022.07.22"]
[Round "7.10"]
[White "Ochalik, Filip"]
[Black "Tymrakiewicz, Marianna"]
[Result "1/2-1/2"]
[ECO "D53"]
[WhiteElo "1342"]
[BlackElo "1819"]
[Annotator "NA RC COMBH"]
[PlyCount "67"]
[EventDate "2022.07.17"]
[EventCountry "POL"]
[SourceTitle "playchess.com"]
[Source "ChessBase"]
[SourceQuality "1"]
[TimeControl "5400+30"]

1. d4 d5 2. c4 e6 3. Nc3 Nf6 4. Bg5 Be7 5. e3 O-O 6. Bd3 b6 7. Nge2 h6 8. Bh4 Bb7 9. O-O Nbd7 10. b3 c5 11. Rc1 a6 12. cxd5 Nxd5 13. Bxe7 Qxe7 14. Nxd5 Bxd5 15. Re1 Qg5 16. Nf4 Bb7 17. b4 e5 18. dxe5 Nxe5 19. h4 Qxh4 20. bxc5 bxc5 21. Rxc5 Nxd3 22. Qxd3 Rac8 23. Rxc8 Bxc8 24. Rc1 Qg5 25. Rc7 Qa5 26. Qc4 Bf5 27. Kh2 Qe1 28. Kg3 Qd1 29. Nd5 Be6 30. Ne7+ Kh8 31. Qf4 Qh5 32. Ra7 Re8 33. Nc6 Qg6+ 34. Kh2 1/2-1/2

[Event "2nd Bieszczady Chess-ch B 2022"]
[Site "Bystre"]
[Date "2022.07.22"]
[Round "7.11"]
[White "Michalski, Jacek"]
[Black "Sypek, Szymon"]
[Result "1/2-1/2"]
[ECO "E91"]
[WhiteElo "1320"]
[BlackElo "1726"]
[Annotator "NA RC COMBH"]
[PlyCount "54"]
[EventDate "2022.07.17"]
[EventCountry "POL"]
[SourceTitle "playchess.com"]
[Source "ChessBase"]
[SourceQuality "1"]
[TimeControl "5400+30"]

1. d4 Nf6 2. c4 g6 3. Nc3 Bg7 4. e4 d6 5. Nf3 O-O 6. Be2 Nbd7 7. O-O e5 8. d5 Nc5 9. Qc2 a5 10. Be3 b6 11. Nd2 Ng4 12. Bxg4 Bxg4 13. f3 Bd7 14. b3 f5 15. a3 f4 16. Bf2 g5 17. b4 Nb7 18. Ne2 Rf6 19. Rfc1 Bf8 20. Qc3 Rh6 21. g4 Rh3 22. Kg2 Rh6 23. h3 Rg6 24. Nb3 a4 25. Nd2 Rb8 26. Rc2 Qc8 27. Nf1 h5 1/2-1/2

[Event "2nd Bieszczady Chess-ch B 2022"]
[Site "Bystre"]
[Date "2022.07.23"]
[Round "8.1"]
[White "Kulig, Pawel"]
[Black "Biesiadecki, Adam"]
[Result "1/2-1/2"]
[ECO "E32"]
[WhiteElo "1720"]
[BlackElo "1776"]
[Annotator "NA RC COMBH"]
[PlyCount "131"]
[EventDate "2022.07.17"]
[EventCountry "POL"]
[SourceTitle "playchess.com"]
[Source "ChessBase"]
[SourceQuality "1"]
[TimeControl "5400+30"]

1. d4 Nf6 2. c4 e6 3. Nc3 Bb4 4. Qc2 O-O 5. Nf3 c5 6. e3 Nc6 7. Bd3 d5 8. cxd5 Qxd5 9. O-O Qh5 10. Ne4 Nxe4 11. Bxe4 cxd4 12. exd4 Bd7 13. Be3 Rac8 14. Qd1 Rfd8 15. Ng5 Qxd1 16. Rfxd1 h6 17. Nf3 f5 18. Bxc6 Bxc6 19. Ne5 Bd5 20. a3 Ba5 21. Rac1 Bb6 22. Nd3 g5 23. f3 Kf7 24. Bf2 Bb3 25. Rxc8 Rxc8 26. Rc1 Rxc1+ 27. Nxc1 Bc4 28. b3 Bb5 29. Na2 Ba5 30. b4 Bd8 31. Nc3 Bc4 32. g3 a5 33. Na4 Ke7 34. Be1 axb4 35. Bxb4+ Kd7 36. Kf2 Kc6 37. Nc3 Bb6 38. Ne2 Bxe2 39. Kxe2 Bxd4 40. g4 Bg7 41. a4 Kd5 42. Kd3 fxg4 43. fxg4 e5 44. h3 e4+ 45. Ke3 Bd4+ 46. Ke2 Bg7 47. Ke3 b6 48. Ba3 Bd4+ 49. Ke2 Ke5 50. Bf8 Kf4 51. Bxh6 Bf6 52. h4 Kxg4 53. hxg5 Bxg5 54. Bg7 Kf4 55. Bd4 Bd8 56. Kf2 Bh4+ 57. Ke2 Bd8 58. Kf2 Bc7 59. Ke2 Kf5 60. Ke3 Bd8 61. Bc3 Bg5+ 62. Ke2 Bf6 63. a5 bxa5 64. Bxa5 e3 65. Kxe3 Bc3 66. Bxc3 1/2-1/2